 Dungeon Crawl Stone Soup version 0.23.1-37-gaa34b87b72 (webtiles) character file.

Game seed: 1743531117604548171

102 Norn the Vandal (level 5, -3/35 HPs)
             Began as a Halfling Hunter on Mar 25, 2019.
             Killed from afar by Sigmund (5 damage)
             ... with a magic dart
             ... on level 2 of the Dungeon.
             The game lasted 00:03:58 (1223 turns).

Norn the Vandal (Halfling Hunter)                   Turns: 1223, Time: 00:03:59

Health: -3/35      AC:  4    Str: 13    XL:     5   Next: 5%
Magic:  5/5        EV: 15    Int: 10    God:
Gold:   136        SH:  0    Dex: 15    Spells: 4/4 levels left

rFire    . . .     SeeInvis .   b - +0 short sword
rCold    . . .     Gourm    .   (shield restricted)
rNeg     . . .     Faith    .   c - +0 leather armour
rPois    .         Spirit   .   (no helmet)
rElec    .         Reflect  .   (no cloak)
rCorr    .         Harm     .   (no gloves)
MR       .....                  p - +0 pair of boots
Stlth    ++........             (no amulet)
HPRegen  0.11/turn              (no ring)
MPRegen  0.09/turn              (no ring)

@: no status effects
A: small, mutation resistance 1
a: no special abilities


You were on level 2 of the Dungeon.
You were hungry.

You visited 1 branch of the dungeon, and saw 2 of its levels.

You collected 136 gold pieces.

Inventory:

Hand Weapons
 a - a +1 hunting sling
 b - a +0 short sword (weapon)
Missiles
 f - a throwing net (quivered) {!f}
Armour
 c - a +0 leather armour (worn)
 p - a +0 pair of boots (worn)
   (You found it on level 1 of the Dungeon)
Jewellery
 q - an uncursed ring of resist corrosion {unknown}
   (You found it on level 2 of the Dungeon)
Scrolls
 g - a scroll of noise {unknown}
 l - 3 scrolls of identify {unknown}
 m - 2 scrolls of remove curse {unknown}
 n - a scroll of random uselessness {unknown}
 r - a scroll of teleportation {unknown}
 s - a scroll of enchant armour {unknown}
Potions
 h - a potion of resistance
 k - a potion of flight
 o - 2 potions of lignification {!q}
Comestibles
 e - a ration {!d}


   Skills:
 + Level 2.6 Fighting
 * Level 7.4 Slings
 + Level 3.2 Dodging
 - Level 1.1 Stealth


You had 4 spell levels left.
You didn't know any spells.
Your spell library was empty.

Dungeon Overview and Level Annotations

Branches:
Dungeon (2/15)

Altars:

Annotations:
D:2 Sigmund


Innate Abilities, Weirdness & Mutations

You are small and have problems with some larger weapons.
You are somewhat resistant to further mutation.


Message History

Sigmund hits you but does no damage.
Unknown command.
Unknown command.
You cannot move.
Sigmund hits you but does no damage.
Unknown command.
Sigmund hits you but does no damage. Sigmund barely misses you.
Unknown command.
Sigmund hits you but does no damage.
Wield which item (- for none, * to show all)? (? for menu, Esc to quit)
Okay, then.
Your transformation is almost over.
Sigmund hits you but does no damage. Sigmund hits you but does no damage.
Unknown command.
Unknown command.
Sigmund points at you and mumbles some strange words.
You are confused.
Sigmund hits you but does no damage.
Unknown command.
Sigmund hits you from afar with a cursed -2 scythe.
* * * LOW HITPOINT WARNING * * *
Unknown command.
You start to feel less resistant.
Sigmund hits you from afar with a cursed -2 scythe.
* * * LOW HITPOINT WARNING * * *
You feel less confused. Sigmund hits you but does no damage.
Unknown command.
You feel less wooden.
Your +0 pair of boots unmelds from your body.
Your +0 leather armour unmelds from your body.
Unknown command.
Sigmund misses you.
You see here an adder corpse.
You completely miss Sigmund. Sigmund misses you.
You puncture Sigmund! You puncture Sigmund!
Your resistance to elements expires.
Sigmund misses you.
You closely miss Sigmund. Sigmund casts a spell at you.
The puff of flame hits you!
* * * LOW HITPOINT WARNING * * *
You puncture Sigmund!
You feel a little less mighty now. Sigmund gestures at you while chanting.
The magic dart hits you.
You die...

...
#.......#.....##.# #.
(...# #..##...#####
.. .. ....
###.#.....# #. .#
..S. ###..(....### ..
...####.......#.#
#........###...####..
#.....)..............
#...(.##...##@##.####
#(...((..####@##.#
#...###### #....#
..... #......## ###.
#...####.# # ..# .. #
###


You could see Sigmund.

Vanquished Creatures
  Terence (D:2)
  2 adders (D:2)
  A shadow imp (D:2)
  An ooze (D:2)
  2 dart slugs (D:1)
  A leopard gecko (D:1)
  A ball python (D:1)
  3 giant cockroaches
  4 goblins
  2 hobgoblins
  8 jackals
  2 kobolds
  5 bats
  2 frilled lizards
  5 rats
40 creatures vanquished.

Notes
Turn   | Place    | Note
-------+----------+-------------------------------------------
     0 | D:1      | Norn the Halfling Hunter began the quest for the Orb.
     0 | D:1      | Reached XP level 1. HP: 14/14 MP: 1/1
    87 | D:1      | Reached skill level 6 in Slings
   129 | D:1      | Reached XP level 2. HP: 19/19 MP: 2/2
   414 | D:1      | Reached XP level 3. HP: 24/24 MP: 3/3
   667 | D:2      | Noticed Terence
   697 | D:2      | Killed Terence
   697 | D:2      | Reached skill level 7 in Slings
   697 | D:2      | Reached XP level 4. HP: 20/30 MP: 4/4
  1022 | D:2      | Noticed Sigmund
  1184 | D:2      | Reached XP level 5. HP: 7/35 MP: 5/5
  1223 | D:2      | Killed from afar by Sigmund

Skill      XL: |  1  2  3 |
---------------+----------+-----
Slings         | 6 7 |  7.4
Fighting       | 2 |  2.6
Dodging        | 3 |  3.2
Stealth        | |  1.1

Action                   |  1- 3 |  4- 6 || total
-------------------------+-------+-------++-------
Melee: Short sword       |    13 |    29 ||    42
 Fire: Hunting sling     |    71 |    53 ||   124
  Use: Potion            |       |     5 ||     5
Armor: Leather armour    |     8 |    10 ||    18
       Skin              |       |    25 ||    25
Dodge: Dodged            |    28 |    51 ||    79
